AoeStats
← Msp

Fortress

507336016Analyzed
4v4 RM · 15d ago on Sep 17, 2026· 46m 7s· 8 players
Game mode
Random Map
Map size
Huge
Population
200
Speed
Normal
Resources
Standard
Victory
Conquest
Starting age
Dark Age
Ending age
Imperial Age
RankedLock teamsTeams togetherTeam positionsShared explorationLock speedFull tech treeHidden civsTurbo modeCheats
Victory
Defeat
🇬🇧 Vietnamese · United Kingdom
1543
+16
🇮🇳 Wu · India
1538
+16
🇮🇳 Ethiopians · India
1423
+21
🇮🇳 Mongols · India
1395
+22
🇫🇷 Franks · France
1661
-23
🇲🇦 Britons · Morocco
1570
-20
🇫🇷 Italians · France
1467
-16
🇫🇷 Lithuanians · France
1459
-16
Skrillll
7:08 Feudal Age
10:49 Castle Age
8:58 Double-Bit Axe
9:12 Horse Collar
11:49 Bow Saw
11:40 Heavy Plow
17:32 Wheelbarrow
19:31 Fletching
19:46 Loom
22:43 Bodkin Arrow
24:12 Crossbowman
26:29 Ballistics
27:14 Padded Archer Armor
28:53 Gold Mining
33:23 Imperial Age
32:05 Caravan
32:53 Fortified Wall
32:56 Stone Mining
34:38 Hand Cart
34:14 Arbalester
34:55 Bracer
36:00 Chemistry
36:51 Two-Man Saw
38:22 Leather Archer Armor
38:40 Conscription
40:39 Ring Archer Armor
40:59 Yeomen
40:35 Pikeman
41:16 Squires
41:17 Scale Mail Armor
41:28 Forging
43:55 Gold Shaft Mining
Ssiik
4:30 Loom
7:17 Feudal Age
10:56 Castle Age
9:39 Double-Bit Axe
10:55 Wheelbarrow
12:04 Bow Saw
17:43 Hand Cart
21:17 Gold Mining
24:42 Imperial Age
22:37 Scale Barding Armor
23:21 Husbandry
23:43 Chain Barding Armor
23:34 Forging
24:43 Cavalier
26:00 Plate Barding Armor
26:01 Iron Casting
26:41 Conscription
27:12 Paladin
29:56 Blast Furnace
29:56 Loom
30:17 Fletching
32:37 Caravan
35:01 Bodkin Arrow
36:48 Light Cavalry
40:20 Scale Mail Armor
40:21 Padded Archer Armor
41:46 Chain Mail Armor
41:45 Pikeman
42:26 Squires
42:19 Halberdier
43:37 Plate Mail Armor
Daniel Chassagnez
5:52 Loom
7:38 Feudal Age
12:00 Castle Age
10:25 Double-Bit Axe
10:23 Horse Collar
15:59 Imperial Age
14:35 Bow Saw
15:45 Fletching
15:56 Padded Archer Armor
16:58 Bodkin Arrow
19:05 Leather Archer Armor
20:40 Heavy Plow
22:35 Chemistry
23:24 Gold Mining
24:53 Ballistics
25:41 Bracer
27:14 Wheelbarrow
41:35 Hand Cart
43:21 Caravan
44:50 Town Watch
Msp
4:21 Loom
7:01 Feudal Age
8:41 Loom
11:20 Castle Age
10:11 Double-Bit Axe
10:09 Horse Collar
19:25 Wheelbarrow
20:53 Scale Barding Armor
22:39 Bow Saw
23:21 Chain Barding Armor
23:11 Heavy Plow
24:45 Forging
27:47 Imperial Age
25:54 Bloodlines
25:51 Gold Mining
26:40 Iron Casting
29:06 Plate Barding Armor
28:53 Conscription
31:44 Hand Cart
31:50 Stone Mining
32:00 Town Watch
32:20 Fletching
32:42 Elite Leitis
34:23 Husbandry
34:21 Bodkin Arrow
34:28 Padded Archer Armor
34:27 Elite Skirmisher
35:31 Tower Shields
36:13 Ballistics
38:25 Chemistry
39:21 Bracer
40:09 Leather Archer Armor
40:25 Thumb Ring
41:06 Caravan
41:16 Pikeman
41:57 Halberdier
42:01 Man-at-Arms
42:41 Treadmill Crane
Sanskari Ladka
7:38 Feudal Age
8:54 Double-Bit Axe
11:10 Castle Age
9:07 Horse Collar
14:08 Wheelbarrow
14:55 Bow Saw
17:58 Loom
18:27 Heavy Plow
18:51 Hand Cart
19:57 Stone Mining
21:57 Gold Mining
25:11 Imperial Age
23:32 Stone Shaft Mining
23:13 Fletching
23:56 Bodkin Arrow
24:01 Padded Archer Armor
26:00 Ballistics
25:21 Elite Mangudai
26:22 Conscription
26:03 Bracer
27:11 Chemistry
26:33 Bloodlines
27:30 Leather Archer Armor
27:23 Thumb Ring
33:46 Husbandry
34:13 Parthian Tactics
39:51 Light Cavalry
42:03 Scale Barding Armor
42:08 Forging
43:44 Chain Barding Armor
42:58 Hussar
EMPEROR98265292
8:49 Feudal Age
12:58 Castle Age
10:46 Double-Bit Axe
11:19 Fletching
14:13 Bodkin Arrow
17:16 Padded Archer Armor
22:59 Red Cliffs Tactics
22:59 Loom
23:49 Leather Archer Armor
26:47 Bow Saw
28:45 Ballistics
34:23 Imperial Age
32:35 Horse Collar
35:09 Bracer
36:18 Chemistry
36:35 Conscription
35:58 Elite Fire Archer
44:01 Guilds
44:21 Coinage
43:52 Caravan
AL. EviL DeEdZ
8:11 Feudal Age
12:03 Castle Age
10:55 Double-Bit Axe
11:01 Horse Collar
13:05 Forging
23:09 Wheelbarrow
22:20 Loom
22:47 Bow Saw
27:45 Heavy Plow
29:58 Scale Mail Armor
30:33 Iron Casting
30:34 Hand Cart
30:12 Gold Mining
30:13 Stone Mining
30:09 Town Watch
33:37 Imperial Age
31:39 Hand Cart
31:51 Squires
31:36 Arson
32:45 Chain Mail Armor
32:09 Man-at-Arms
33:36 Ballistics
33:18 Crossbowman
34:03 Thumb Ring
33:58 Halberdier
33:59 Arbalester
34:32 Fletching
34:44 Padded Archer Armor
35:13 Bodkin Arrow
35:54 Plate Mail Armor
36:24 Blast Furnace
39:23 Gold Shaft Mining
39:12 Elite Skirmisher
40:19 Imperial Skirmisher
41:44 Bracer
42:00 Leather Archer Armor
42:52 Chemistry
44:28 Ring Archer Armor
Frankie Fast Hands
8:26 Feudal Age
9:27 Double-Bit Axe
12:21 Castle Age
10:10 Horse Collar
10:24 Gold Mining
13:44 Bow Saw
13:43 Heavy Plow
18:50 Wheelbarrow
18:51 Loom
20:08 Stone Mining
20:20 Scale Mail Armor
20:30 Forging
24:38 Imperial Age
22:42 Squires
22:59 Chain Mail Armor
24:04 Iron Casting
24:48 Elite Fire Lancer
25:04 Capped Ram
26:29 Plate Mail Armor
29:13 Hand Cart
32:35 Coinage
32:52 Scale Barding Armor
32:28 Pikeman
34:00 Halberdier
35:57 Chatras
36:26 Chain Barding Armor
37:11 Hoardings
36:53 Bloodlines
36:03 Elite Battle Elephant
36:44 Husbandry
39:25 Plate Barding Armor
40:06 Crop Rotation
40:31 Fletching
Connection lost

Rejoining the realm…

Still unreachable

The connection could not be restored.

Session expired

The server has moved on; the page needs a fresh start.